 Dungeon Crawl Stone Soup version 0.31.0-1-g2c135a008e (webtiles) character file.

Game seed: 16722156710535222463

86 qw the Shooter (level 4, -3/35 HPs)
             Began as a Djinni Hunter on Jan 23, 2024.
             Slain by a goblin
             ... wielding a +0 club
             ... led by Robin
              (4 damage)
             ... on level 3 of the Dungeon.
             The game lasted 00:00:06 (1513 turns).

qw the Shooter (Djinni Hunter)                      Turns: 1513, Time: 00:00:06

Health: -3/35      AC:  5    Str: 10    XL:     4   Next: 78%
Gold:   117        EV: 11    Int: 11    God:
                   SH:  0    Dex: 18

rFire   + + .        a - +1 shortbow
rCold   x . .        (shield currently unavailable)
rNeg    . . .        f - +0 ring mail
rPois   inf          (no helmet)
rElec   .            (no cloak)
rCorr   .            (no gloves)
SInv    .            (boots unavailable)
Will    .....        (no amulet)
Stlth   +            (no ring)
HPRegen 0.25/turn    (no ring)
MPRegen 0.00/turn

%: infuse magic (-4 HP)
@: about to teleport, flying
A: sickness immunity, fire resistance 2, cold vulnerability 1, float, innate
caster, HP casting, extra vitality 1
a: no special abilities


You were on level 3 of the Dungeon.
You visited 1 branch of the dungeon, and saw 3 of its levels.

You collected 117 gold pieces.


Innate Abilities, Weirdness & Mutations

You are immune to sickness and miasma.
You are immune to poison.
Your flesh is very heat resistant. (rF++)
You are vulnerable to cold. (rC-)
You float through the air rather than walking.
You learn spells naturally, not from books.
Your magical power is your life essence.
You have superior vitality. (+4 MHP)


   Skills:
 - Level 3.1 Fighting
 + Level 4.2 Ranged Weapons
 - Level 1.0 Armour
 - Level 2.1 Dodging
 - Level 0.7 Stealth


You knew the following spells:

 Your Spells              Type           Power      Damage    Failure   Level
a - Sting                 Conj/Alch      0%         1d3       65%         1
Your spell library was empty.

Inventory:

Hand Weapons
 a - a +1 shortbow (weapon)
Armour
 f - a +0 ring mail (worn)
Scrolls
 h - a scroll of teleportation
Potions
 e - a potion of curing
 g - a potion of degeneration {unknown}
 i - a potion of cancellation

Dungeon Overview and Level Annotations

Branches:
Dungeon (3/15)

Altars:

Annotations:
D:3 Robin


Message History

You shoot an arrow. The arrow hits the goblin.
The goblin is moderately wounded.
The goblin barely misses you. The goblin closely misses you.
The hobgoblin barely misses you. The goblin hits you but does no damage.
You shoot an arrow. The arrow barely misses the goblin.
The goblin closely misses you. The goblin barely misses you.
The hobgoblin closely misses you. The goblin barely misses you.
The hobgoblin hits you but does no damage.
Robin says, "My goblins will feast on your bones."
The goblin closely misses you. The hobgoblin misses you.
The hobgoblin hits you but does no damage.
The goblin hits you with a +0 club. The hobgoblin hits you.
The goblin hits you with a +0 club.
You shoot an arrow. The arrow hits the goblin.
The goblin is severely wounded.
The hobgoblin hits you but does no damage.
The goblin barely misses you.
The hobgoblin hits you but does no damage.
The goblin barely misses you. The hobgoblin misses you.
The goblin hits you with a +0 club.
You shoot an arrow. The arrow barely misses the goblin.
The hobgoblin hits you but does no damage.
The goblin barely misses you. The goblin hits you with a +0 club.
The hobgoblin hits you.
The hobgoblin hits you but does no damage.
The goblin hits you but does no damage.
You shoot an arrow. The arrow barely misses the goblin.
The hobgoblin closely misses you. The goblin hits you but does no damage.
The hobgoblin hits you. The goblin barely misses you.
The goblin completely misses you.
The hobgoblin hits you but does no damage.
The goblin hits you but does no damage. The hobgoblin misses you.
The hobgoblin hits you.
The hobgoblin hits you but does no damage.
The goblin hits you but does no damage. x2
1513 ||| READING 2 scrolls of teleportation.
As you read the scroll of teleportation, it crumbles to dust.
You feel strangely unstable. The hobgoblin hits you.
The goblin hits you with a +0 club.
You die...

#.# #.#
#######'####
...........#
...........#
...........#
...........#
......ggg..#
......g@g..#
#######g####
#g# )). .>.
....# ....#
.....#


You could see Robin, 3 hobgoblins and 3 goblins.

Vanquished Creatures
  2 adders (D:2)
  3 dart slugs
  4 endoplasms
  A giant cockroach (D:1)
  12 goblins
  7 hobgoblins
  6 jackals (D:2)
  2 quokkas
  5 ball pythons
  2 bats
  5 frilled lizards
  5 kobolds
  3 rats
57 creatures vanquished.

Notes
Turn   | Place    | Note
-------+----------+-------------------------------------------
     0 | D:1      | qw the Djinni Hunter began the quest for the Orb.
     0 | D:1      | Reached XP level 1. HP: 18/18 MP: 0/0
     0 | D:1      | 0 ||| qw: Version: 0.3-a-135-gb77e89d
     0 | D:1      | 0 ||| qw: Game counter: 821
     0 | D:1      | 0 ||| qw: Melee chars always use a shield: true
     0 | D:1      | 0 ||| qw: God list: Okawaru
     0 | D:1      | 0 ||| qw: Allow faded altars: false
     0 | D:1      | 0 ||| qw: Do Orc after clearing Dungeon:15 true
     0 | D:1      | 0 ||| qw: Do second Lair branch before Depths: true
     0 | D:1      | 0 ||| qw: Lair rune preference: random
     0 | D:1      | 0 ||| qw: Goals: Normal
     0 | D:1      | 0 ||| PLANNING D:1-11
    78 | D:1      | Reached XP level 2. HP: 23/23 MP: 0/0
   310 | D:1      | Reached XP level 3. HP: 28/28 MP: 0/0
   310 | D:1      | Learned a level 1 spell: Sting
   347 | D:1      | Reached skill level 4 in Ranged Weapons
   779 | D:1      | Found a faded altar of an unknown god.
   779 | D:1      | Noticed a red devil
   918 | D:1      | 918 ||| UPGRADING to +0 ring mail.
   928 | D:1      | 928 ||| DROPPING +0 leather armour.
   929 | D:1      | 929 ||| READING scroll labelled RETRIB GEBAIGA.
   930 | D:1      | 930 ||| READING 5 scrolls labelled XUFISESONI.
   930 | D:1      | 930 ||| IDENTIFYING blue potion
   931 | D:1      | 931 ||| READING 4 scrolls of identify.
   931 | D:1      | 931 ||| IDENTIFYING emerald potion
   932 | D:1      | 932 ||| READING 3 scrolls of identify.
   932 | D:1      | 932 ||| IDENTIFYING fuming red potion
   933 | D:1      | 933 ||| READING 2 scrolls of identify.
   933 | D:1      | 933 ||| IDENTIFYING metallic red potion
   934 | D:1      | 934 ||| READING scroll of identify.
   934 | D:1      | 934 ||| IDENTIFYING scroll labelled SUMPA ERIYSMEJ
   935 | D:1      | 935 ||| DROPPING scroll of butterflies.
   936 | D:1      | 936 ||| DROPPING potion of berserk rage.
   937 | D:1      | 937 ||| DROPPING potion of attraction.
   975 | D:2      | Reached skill level 1 in Armour
  1057 | D:2      | Identified the +2 whip "Arbiter" {heavy, rF+ Will+ Int-5
                  | Dex+3}
  1089 | D:2      | Reached XP level 4. HP: 34/34 MP: 0/0
  1274 | D:2      | Reached skill level 3 in Fighting
  1466 | D:2      | 1466 ||| READING scroll labelled TEEMPY WACAE.
  1467 | D:2      | 1467 ||| READING scroll labelled YHADON LUMA.
  1467 | D:2      | 1467 ||| ENCHANTING +0 shortbow.
  1468 | D:2      | 1468 ||| READING scroll labelled YGOIP HA TIZA.
  1502 | D:3      | Noticed Robin
  1512 | D:3      | HP: 7/35 [hobgoblin[Robin] (5)]
  1513 | D:3      | 1513 ||| READING 2 scrolls of teleportation.
  1513 | D:3      | HP: 1/35 [hobgoblin[Robin] (6)]
  1513 | D:3      | Slain by a goblin

Levels and vault maps discovered:
D:1:      dpeg_arrival_windows_large_door, layout_basic,
          dreamdust_ecumenical_altar_sealed_demon, serial_bayou_pond_d,
          minmay_heptomino_h4
D:2:      layout_rooms, minmay_misc_feat_chi, hex_tiny, grunt_ministairs_6
D:3:      layout_basic, nicolae_overflow_ecumenical_swirl, xom_teletrap_fun,
          uniq_ijyb, uniq_robin

Skill      XL: |  1  2  3  4 |
---------------+-------------+-----
Ranged Weapons | 4 |  4.2
Armour         | 1 |  1.0
Fighting       | 3 |  3.1
Dodging        | |  2.1
Stealth        | |  0.7

Action                     |  1- 3 |  4- 6 || total
---------------------------+-------+-------++-------
   Fire: Shortbow          |   102 |    57 ||   159
    Use: Scroll            |     6 |     4 ||    10
 Armour: Leather armour    |    17 |       ||    17
         Ring mail         |    10 |    47 ||    57
  Dodge: Dodged            |    28 |    40 ||    68

Table legend:
 A = Non-vault XP
 B = Vault XP
 C = Vault XP percentage of total XP
 D = Non-vault monster count
 E = Vault monster count
 F = Vault count percentage of total count
                 A         B        C        D         E       F
            +---------+---------+-------+---------+---------+-------
      Total |     102 |      22 |  17.7 |      44 |      13 |  22.8
            +---------+---------+-------+---------+---------+-------
        D:1 |      41 |       5 |  10.9 |      23 |       4 |  14.8
        D:2 |      59 |      10 |  14.5 |      20 |       5 |  20.0
        D:3 |       2 |       7 |  77.8 |       1 |       4 |  80.0
            +---------+---------+-------+---------+---------+-------
